 Dungeon Crawl Stone Soup version 0.28-a0-906-g0406aca7d3 (webtiles) character file.

Game seed: 8198436424563761681

3327 night the Ogre Mage (level 10, -8/92 HPs)
             Began as an Ogre Cinder Acolyte on Nov 23, 2021.
             Was a High Priest of Ignis.
             Killed from afar by an electric eel (16 damage)
             ... with a bolt of electricity
             ... on level 7 of the Dungeon.
             The game lasted 00:17:05 (8876 turns).

night the Ogre Mage (Ogre Cinder Acolyte)           Turns: 8876, Time: 00:17:05

Health: -8/92      AC:  9    Str: 23    XL:     10   Next: 2%
Magic:  22/22      EV:  8    Int: 22    God:    Ignis [*****.]
Gold:   281        SH:  0    Dex:  4    Spells: 24/26 levels left

rFire   + . .      SeeInvis .   c - +1 hand axe (distort)
rCold   + . .      Faith    .   (no shield)
rNeg    + . .      Spirit   .   I - +0 swamp dragon scales
rPois   +          Reflect  .   (helmet restricted)
rElec   .          Harm     .   t - +0 cloak
rCorr   .          Rampage  .   (gloves unavailable)
Will    +....                   (boots unavailable)
Stlth   ..........              (no amulet)
HPRegen 0.25/turn               q - ring "Xosof" {rPois rN+ Str+3 Int+4}
MPRegen 0.18/turn               j - ring of protection from cold

@: invisible
A: large, unfitting armour, tough skin 1
a: Renounce Religion, Sea of Fire, Foxfire Swarm, Rising Flame


You were on level 7 of the Dungeon.
You worshipped Ignis.
Ignis was extremely pleased with you.
You visited 2 branches of the dungeon, and saw 8 of its levels.
You also visited: Ossuary.

You collected 281 gold pieces.

Inventory:

Hand Weapons
 a - a -1 mace of protection
 c - a +1 hand axe of distortion (weapon)
 z - a +2 flail of holy wrath
 A - a +2 vampiric whip
 J - a +2 vorpal broad axe
Missiles
 e - 147 stones (quivered)
 f - 74 arrows
 h - 39 sling bullets
 k - 26 bolts
 m - 33 poisoned darts
Armour
 b - a +0 robe
 t - a +0 cloak (worn)
 I - +0 swamp dragon scales (worn)
Jewellery
 i - a ring of ice
 j - a ring of protection from cold (right hand)
 q - the ring "Xosof" (left hand) {rPois rN+ Str+3 Int+4}
   (You found it on level 5 of the Dungeon)

   [ring of poison resistance]

   Str:       It affects your strength (+3).
   Int:       It affects your intelligence (+4).
   rPois:     It protects you from poison.
   rN:        It protects you from negative energy.
 r - a ring of ice
 y - a ring of magical power
 K - a ring of willpower
Wands
 v - a wand of polymorph (1)
Scrolls
 d - 7 scrolls of identify
 n - 4 scrolls of teleportation
 s - 2 scrolls of enchant weapon
 C - 3 scrolls of amnesia
 F - a scroll of fog {unknown}
 H - a scroll of acquirement {unknown}
Potions
 g - 3 potions of flight
 l - 5 potions of curing
 p - 3 potions of resistance {unknown}
 u - a potion of mutation {unknown}
 w - a potion of attraction {unknown}
 x - a potion of cancellation {unknown}
 B - a potion of degeneration {unknown}
 D - 2 potions of lignification {unknown}
 E - 3 potions of magic {unknown}
 G - 2 potions of haste {unknown}


   Skills:
 - Level 4.0 Fighting
 + Level 7.8(8.1) Axes
 - Level 2.8(5.3) Maces & Flails
 + Level 8.8 Spellcasting
 + Level 7.8 Fire Magic


You had 24 spell levels left.
You knew the following spells:

 Your Spells              Type           Power      Damage    Failure   Level
a - Scorch                Fire           88%        2d9       1%          2

Your spell library contained the following spells:

 Spells                   Type           Power      Damage    Failure   Level


Dungeon Overview and Level Annotations

Branches:
Dungeon (7/15)             Temple (1/1) D:7         Ossuary (visited)

Altars:
Cheibriados
Gozag
Hepliaklqana
Kikubaaqudgha
Makhleb
Nemelex Xobeh
Okawaru
Qazlal
Ru
Xom
Yredelemnul
Zin
The Shining One

Shops:
D:3 *   D:5 =


Innate Abilities, Weirdness & Mutations

You are too large for most types of armour.
You have tough skin. (AC +1)


Message History

HP restored.
Magic restored.
Things that are here:
a +0 robe; a +3 great sword You see here a +0 hand axe.
Items here: )) [[ ÷.
Things that are here:
a +0 flail; an orc skeleton; a hound skeleton
Found a plate armour.
Things that are here:
a +0 plate armour; a +0 halberd of protection An electric eel comes into view.
The electric eel shoots out a bolt of lightning at you!
The bolt of electricity hits you!
Casting: Scorch (safe; 1% risk of failure)
Confirm with . or Enter, or press ? or * to list all spells.
You can't see any susceptible monsters within range! (Use Z to cast anyway.) No reachable target in view!
The electric eel shoots out a bolt of lightning at you!
The bolt of electricity hits you! x2
Casting: Scorch (safe; 1% risk of failure)
Confirm with . or Enter, or press ? or * to list all spells.
You can't see any susceptible monsters within range! (Use Z to cast anyway.)
The electric eel shoots out a bolt of lightning at you!
The bolt of electricity hits you! The bolt of electricity hits you.
Casting: Scorch (safe; 1% risk of failure)
Confirm with . or Enter, or press ? or * to list all spells.
You can't see any susceptible monsters within range! (Use Z to cast anyway.)
The electric eel shoots out a bolt of lightning at you!
The bolt of electricity hits you! x2
The electric eel shoots out a bolt of lightning at you!
The bolt of electricity hits you!
* * * LOW HITPOINT WARNING * * *
The bolt of electricity hits you!
* * * LOW HITPOINT WARNING * * *
Okay, then.
You fade into invisibility!
The electric eel shoots out a bolt of lightning at you!
The bolt of electricity hits you!
You die...

###..........# #.≈≈≈#≈≈
...........### ##.≈#≈≈≈
# #######....#
#..≈≈≈≈#≈≈ ######...<.#
#.≈≈≈#≈≈≈≈ .......#...#
#.≈#≈≈S≈# ####...)..>#
#.≈≈≈≈#≈≈≈ ###..##..###
#....≈≈≈≈# #...## #.#
##.#....≈≈ #.### #.#
#@.# #.... #.#
#..######.## #.. #.#
#......#.# . ..#
##....#.# ### #......#
## #....### .######
#....#
........###....#####
#######............####
#


You could see an electric eel.

Vanquished Creatures
  A hornet (D:7)
  Grinder (D:5)
  A wraith (Ossuary)
  A wyvern (D:5)
  Edmund (D:6)
  3 water moccasins
  A sky beast (D:5)
  A black bear (D:5)
  A necrophage (D:4)
  An ogre (D:5)
  A phantom (D:5)
  A kobold brigand (D:6)
  2 bullfrogs (D:7)
  A scorpion (D:3)
  A water moccasin zombie (D:5)
  A water moccasin skeleton (D:5)
  12 wights
  2 centaur zombies
  A crimson imp (D:4)
  A bullfrog zombie (D:5)
  3 hounds
  A gnoll shaman (D:5)
  2 orc priests
  2 bullfrog skeletons
  4 iguanas
  3 orc wizards
  2 killer bee zombies
  2 hound skeletons (D:5)
  A mummy (Ossuary)
  A gnoll (D:7)
  2 howler monkey skeletons
  8 adders
  A white imp (D:7)
  An ufetubus (D:7)
  4 dart slugs
  2 worms
  29 orcs
  7 ball pythons
  6 bats
  5 endoplasms
  3 giant cockroaches
  11 hobgoblins
  3 quokkas
  6 frilled lizards
  2 gnoll skeletons (Ossuary)
  5 goblins
  14 kobolds
  7 kobold skeletons (Ossuary)
  16 orc skeletons (Ossuary)
  A rat (D:2)
189 creatures vanquished.

Notes
Turn   | Place    | Note
-------+----------+-------------------------------------------
     0 | D:1      | night the Ogre Cinder Acolyte began the quest for the Orb.
     0 | D:1      | Reached XP level 1. HP: 24/24 MP: 2/2
   212 | D:1      | Reached XP level 2. HP: 30/32 MP: 4/4
   227 | D:1      | Learned a level 2 spell: Scorch
   625 | D:1      | Reached skill level 2 in Spellcasting
   747 | D:1      | Reached skill level 1 in Axes
   778 | D:1      | Found a faded altar of an unknown god.
   986 | D:2      | Reached XP level 3. HP: 39/39 MP: 3/6
  1927 | D:3      | Reached XP level 4. HP: 48/48 MP: 7/7
  2234 | D:3      | Found Qipass's General Store.
  2327 | D:3      | Reached skill level 2 in Axes
  2859 | D:3      | Noticed a scorpion
  2862 | D:3      | Killed a scorpion
  2863 | D:3      | Reached skill level 3 in Spellcasting
  2863 | D:3      | Reached XP level 5. HP: 48/54 MP: 4/9
  3005 | D:4      | Noticed a necrophage
  3013 | D:4      | Killed a necrophage
  3014 | D:4      | Reached XP level 6. HP: 52/62 MP: 7/11
  3385 | D:4      | Identified the +4 helmet of Lizeodum {Rampage +Inv rF- rC+}
  3478 | D:4      | Reached skill level 4 in Spellcasting
  3791 | D:4      | Found a shimmering altar of Xom.
  3791 | D:4      | Found a burning altar of Makhleb.
  4421 | D:5      | Entered Level 5 of the Dungeon
  4465 | D:5      | Reached XP level 7. HP: 67/70 MP: 8/13
  4571 | D:5      | Identified the ring "Xosof" {rPois rN+ Str+3 Int+4}
  4846 | D:5      | Reached skill level 5 in Spellcasting
  4846 | D:5      | Reached skill level 5 in Fire Magic
  5105 | D:5      | Found Denn's Jewellery Shoppe.
  5325 | D:5      | Reached XP level 8. HP: 57/78 MP: 4/16
  5548 | D:5      | Noticed Grinder
  5556 | D:5      | Killed Grinder
  5557 | D:5      | Reached skill level 5 in Axes
  5557 | D:5      | Reached skill level 6 in Spellcasting
  5857 | D:5      | Noticed a wyvern
  5869 | D:5      | Killed a wyvern
  6217 | D:5      | Found a sparkling altar of Nemelex Xobeh.
  6303 | D:6      | Reached skill level 7 in Spellcasting
  6352 | D:6      | Reached XP level 9. HP: 73/84 MP: 7/19
  6688 | D:6      | Noticed Edmund
  6698 | D:6      | Killed Edmund
  7014 | D:6      | Found a glowing silver altar of Zin.
  7108 | D:7      | Found a sand-covered staircase.
  7113 | Ossuary  | Entered an ossuary
  7604 | D:7      | Reached skill level 8 in Spellcasting
  7746 | D:7      | Noticed Maggie
  7749 | D:7      | Noticed Maggie
  7749 | D:7      | Maggie changed into Maggie the water moccasin
  7754 | D:7      | Killed Maggie the water moccasin
  7881 | D:7      | Noticed a hornet
  7889 | D:7      | Killed a hornet
  7989 | D:7      | Found a staircase to the Ecumenical Temple.
  8011 | Temple   | Entered the Ecumenical Temple
  8516 | D:6      | Reached XP level 10. HP: 30/91 MP: 12/22
  8875 | D:7      | HP: 8/92 [electric eel/bolt of electricity (15)]
  8876 | D:7      | Killed from afar by an electric eel

Illustrated notes

Levels and vault maps discovered:
D:1:      dpeg_arrival_connections, layout_rooms,
          shapermc_ecumenical_altar_pompeii
D:2:      layout_basic, minmay_splitting_lines
D:3:      layout_loops_cross, serial_shops, shop_fountains, kennysheep_potato
D:4:      layout_loops_ring, grunt_temple_overflow_champion_of_chaos
D:5:      layout_layer_cave, nemelex_dance_club_becter,
          minmay_shop_enchanted_jewellery, minmay_misc_feat_pillars,
          minmay_divided_ellipse, uniq_grinder
D:6:      layout_basic, mainiacjoe_overflow_brackets, minivault_25,
          kennysheep_small_spiral, uniq_edmund
D:7:      layout_rooms, kennysheep_little_box, minmay_temple_entry_stoned_glass,
          nicolae_ossuary_entry_false_entrances, hangedman_abyss_or_decor_stabs,
          nicolae_lava_and_water, uniq_maggie
Temple:   compressed_dpeg_triangle_lava_temple

Skill      XL: |  1  2  3  4  5  6  7  8  9 |
---------------+----------------------------+-----
Fire Magic     | 3 4 5 6 7 |  7.8
Spellcasting   | 2 3 4 5 7 8 |  8.8
Axes           | 1 2 3 4 6 7 |  7.8
Fighting       | |  4.0
Maces & Flails | |  2.8

Action                   |  1- 3 |  4- 6 |  7- 9 | 10-12 || total
-------------------------+-------+-------+-------+-------++-------
Melee: Hand axe          |    62 |   109 |   140 |     1 ||   312
 Cast: Scorch            |    11 |    53 |   102 |     4 ||   170
Evoke: Wand              |       |       |     5 |       ||     5
  Use: Scroll            |     3 |     7 |     1 |       ||    11
       Potion            |       |       |       |     1 ||     1
Armor: Robe              |    17 |    39 |    33 |       ||    89
       Swamp dragon scal |       |       |    16 |     1 ||    17
Dodge: Dodged            |    22 |    44 |    64 |     4 ||   134

Table legend: (Time is in decaauts)
 A = Elapsed time spent in this place.
 B = Non-inter-level travel time spent in this place.
 C = Inter-level travel time spent in this place.
 D = Time resting spent in this place.
 E = Time spent auto-exploring this place.
 F = Levels seen in this place.
 G = Mean time per level.
                   A        B        C        D        E       F      G
               +--------+--------+--------+--------+--------+-----+--------+
         Total |   8897 |   8694 |    203 |    415 |   6924 |   9 |  988.6 |
       Dungeon |   8288 |   8085 |    203 |    415 |   6481 |   7 | 1184.0 |
        Temple |    342 |    342 |      0 |      0 |    304 |   1 |  342.0 |
       Ossuary |    266 |    266 |      0 |      0 |    139 |   1 |  266.0 |
               +--------+--------+--------+--------+--------+-----+--------+

Top non-repeatable levels by time:
     D:5: 1864 daAuts
     D:4: 1408 daAuts
     D:3: 1239 daAuts
     D:6: 1068 daAuts
     D:1: 989 daAuts
     D:7: 922 daAuts
     D:2: 794 daAuts
  Temple: 342 daAuts
 Ossuary: 266 daAuts
